 Dungeon Crawl Stone Soup version 0.28-b1-1-g3c77fb2 (webtiles) character file.

Game seed: 18295156195893944114

84835 Host24 the Sniper (level 16, 0/96 HPs)
             Began as a Kobold Hunter on Jan 29, 2022.
             Was the Champion of Okawaru.
             Slain by a red ugly thing (16 damage)
             ... on level 13 of the Dungeon.
             The game lasted 02:04:15 (40239 turns).

Host24 the Sniper (Kobold Hunter)                  Turns: 40239, Time: 02:04:16

Health: 0/96       AC:  8    Str: 19    XL:     16   Next: 29%
Magic:  20/22      EV: 25    Int: 14    God:    Okawaru [******]
Gold:   1334       SH:  5    Dex: 20    Spells: 19/19 levels left

rFire   . . .      SeeInvis .   i - +5 arbalest "Impbane" {vorpal, rElec rC+++ Int+2 Stlth-}
rCold   + + +      Faith    .   (shield currently unavailable)
rNeg    . . .      Spirit   .   T - +0 acid dragon scales
rPois   +          Reflect  +   (helmet restricted)
rElec   +          Harm     .   V - +0 cloak
rCorr   +          Rampage  .   p - +0 pair of gloves
Will    +....                   (no boots)
Stlth   ++++++....              U - amulet of reflection
HPRegen 0.26/turn               H - +6 ring of strength
MPRegen 0.18/turn               A - +4 ring of protection

@: heroic, corroded
A: small, no large weapons, nightstalker 3, horns 1, poison resistance
a: Renounce Religion, Heroism, Finesse, Duel


You were on level 13 of the Dungeon.
You worshipped Okawaru.
Okawaru was exalted by your worship.
You visited 3 branches of the dungeon, and saw 21 of its levels.

You collected 1334 gold pieces.

Inventory:

Hand Weapons
 a - the +9 quarterstaff of the Fray {freeze, Dex+4}
   (You found it on level 6 of the Lair of Beasts)

   It freezes those it strikes, dealing additional cold damage.
   It can also slow down cold-blooded creatures.
   Dex:       It affects your dexterity (+4).
 i - the +5 arbalest "Impbane" (weapon) {vorpal, rElec rC+++ Int+2 Stlth-}
   (Okawaru gifted it to you on level 11 of the Dungeon)

   Any ammunition fired from it inflicts extra damage upon your enemies.
   Int:       It affects your intelligence (+2).
   rC:        It renders you almost immune to cold.
   rElec:     It insulates you from electricity.
   Stlth:     It makes you less stealthy.
 s - a +3 vorpal triple crossbow
 J - a +1 arbalest of flaming
Missiles
 d - 323 bolts (quivered ammo)
 e - 6 throwing nets
 g - 8 boomerangs
 l - 100 arrows
 o - 8 large rocks
 q - 19 stones
 r - 18 sling bullets
 z - 15 curare-tipped darts
Armour
 p - a +0 pair of gloves (worn)
 T - +0 acid dragon scales (worn)
 V - a +0 cloak (worn)
Jewellery
 f - a ring of positive energy
 u - a ring of fire
 A - a +4 ring of protection (right hand)
 H - a +6 ring of strength (left hand)
 L - a ring of positive energy
 Q - a ring of fire
 U - an amulet of reflection (around neck)
 W - a ring of flight
 Y - a ring of protection from cold
Wands
 j - a wand of polymorph (8)
 C - a wand of paralysis (22)
 I - a wand of iceblast (17)
 O - a wand of acid (4)
 X - a wand of digging (5)
Scrolls
 b - a scroll of blinking
 h - 4 scrolls of fear
 t - a scroll of magic mapping
 v - a scroll of identify
 w - 3 scrolls of immolation
 y - a scroll of enchant weapon
 K - 6 scrolls of teleportation
 M - 2 scrolls of fog
 N - a scroll of holy word
Potions
 c - a potion of flight
 k - 2 potions of brilliance
 m - 2 potions of cancellation
 n - 4 potions of ambrosia
 x - 2 potions of curing
 B - 3 potions of berserk rage
 D - a potion of might
 P - a potion of invisibility
 S - 2 potions of haste


   Skills:
 - Level 9.0(14.0) Fighting
 + Level 24.8(27) Crossbows
 - Level 6.3(11.3) Armour
 - Level 10.0(15.0) Dodging
 - Level 9.1(14.1) Stealth
 - Level 2.0 Spellcasting
 - Level 8.2 Invocations
 - Level 6.3 Evocations


You had 19 spell levels left.
You didn't know any spells.
Your spell library contained the following spells:

 Spells                   Type           Power      Damage    Failure   Level
 Freeze                   Ice            4%         1d3       28%         1
 Sandblast                Erth           2%         2d4       28%         1
 Slow                     Hex            4%         N/A       28%         1
 Sting                    Tmut/Pois      4%         1d3       28%         1
 Passwall                 Tmut/Erth      0%         N/A       41%         2
 Poisonous Vapours        Pois/Air       2%         N/A       41%         2
 Confusing Touch          Hex            1%         N/A       65%         3
 Frozen Ramparts          Ice            2%         1d2       65%         3
 Gell's Gravitas          Tloc           1%         N/A       65%         3
 Lesser Beckoning         Tloc           1%         N/A       65%         3
 Stone Arrow              Conj/Erth      2%         3d7       65%         3
 Teleport Other           Tloc           1%         N/A       65%         3
 Vampiric Draining        Necr           1%         2d6       65%         3
 Hailstorm                Conj/Ice       1%         3d3       96%         4
 Ice Form                 Ice/Tmut       1%         N/A       96%         4
 Olgreb's Toxic Radiance  Pois           1%         N/A       96%         4
 Dispersal                Tloc           0%         N/A       100%        6
 Storm Form               Tmut/Air       0%         N/A       100%        7
 Maxwell's Capacitive Co  Air            0%         ∞         100%        8
 Summon Ice Beast         Ice/Summ       Unusable   N/A       N/A         4
 Summon Lightning Spire   Summ/Air       Unusable   N/A       N/A         4

Dungeon Overview and Level Annotations

Branches:
Dungeon (14/15) Temple (1/1) D:4 Lair (6/6) D:11 Shoals (0/4) Lair:4 Snake (0/4) Lair:4 Slime (0/5) Lair:6 Orc (0/2) D:10 Vaults (0/5) D:12 D:13

Altars:
Ashenzari
Cheibriados
Dithmenos
Elyvilon
Fedhas
Gozag
Hepliaklqana
Kikubaaqudgha
Makhleb
Nemelex Xobeh
Okawaru
Qazlal
Ru
Sif Muna
Trog
Uskayaw
Vehumet
Wu Jian
Xom
Yredelemnul
Zin
The Shining One

Portals:
Trove: D:12 (give 16 scrolls of teleportation)


Innate Abilities, Weirdness & Mutations

You are small and have problems with some larger weapons.
You are completely attuned to the shadows.
You have a pair of small horns on your head.
Your system is resistant to poisons. (rPois)


Message History

You headbutt the brown ugly thing, but do no damage.
The brown ugly thing is moderately wounded.
The brown ugly thing headbutts you.
You are splashed with acid.
You resist.
You hit the brown ugly thing. You freeze the brown ugly thing.
The brown ugly thing is moderately wounded.
The brown ugly thing closely misses you.
The brown ugly thing headbutts you!
You are splashed with acid.
You resist.
The +9 quarterstaff of the Fray {freeze, Dex+4} stops glowing.
You feel clever.
i - the +5 arbalest "Impbane" (weapon)
{vorpal, rElec rC+++ Int+2 Stlth-} Fire: 326 bolts
Press: ? - help, Q - select action, (/) - cycle Shift-Dir - straight line, f - brown ugly thing
Aim: a brown ugly thing (moderately wounded, 77% to hit)
You shoot a bolt. The bolt hits the brown ugly thing!
The brown ugly thing is heavily wounded.
The brown ugly thing headbutts you!
* * * LOW HITPOINT WARNING * * *
You are splashed with acid.
You resist.
* * * LOW HITPOINT WARNING * * *
You feel better.
The brown ugly thing basks in the mutagenic energy from its kin and changes!
You gain the combat prowess of a mighty hero.
Fire: 325 bolts
Press: ? - help, Q - select action, (/) - cycle Shift-Dir - straight line, f/p - red ugly thing
Aim: a red ugly thing (moderately wounded, 79% to hit)
You shoot a bolt. The bolt hits the red ugly thing!
The red ugly thing is heavily wounded.
The brown ugly thing basks in the mutagenic energy from its kin and changes!
The red ugly thing misses you.
Fire: 324 bolts
Press: ? - help, Q - select action, (/) - cycle Shift-Dir - straight line, f/p - red ugly thing
Aim: a red ugly thing (heavily wounded, 79% to hit)
You shoot a bolt.
The bolt closely misses the red ugly thing.
The bolt barely misses the red ugly thing.
You hear a splash.
The red ugly thing claws you!
* * * LOW HITPOINT WARNING * * *
You are engulfed in flames!
You die...

#.........# #######
#.#######.############# ......#
#.##................... ......#
##.##...............#### ......#
##≈.##..........###..#
......###≈≈.≈#..........#≈#..#
....^.##≈≈≈.≈≈......†...###..#
......#≈≈≈≈.≈≈#####.#.#.....##
###≈≈≈≈≈≈≈≈.(≈uu@...#.#######
##≈≈≈≈≈≈≈≈≈.≈≈.######.###########
#≈≈≈≈≈≈≈≈≈≈.≈≈.###...............
≈............≈........###########
#.≈≈≈≈≈≈≈≈≈≈≈≈........#
..............>.......#
#.#......≈≈≈≈≈####.##.#
#.##≈#.#.≈≈≈≈≈####.####
#.####.............#


You could see 2 ugly things.

Vanquished Creatures
  Rupert (D:13)
  Nessos (D:14)
  A dire elephant (Lair:6)
  The ghost of Pupilyir the Severer, a journeyman MiBe of Trog (D:11)
  A rakshasa (D:13)
  7 hydras
  Harold (D:8)
  2 boulder beetles
  A catoblepas (Lair:6)
  4 centaur warriors
  A two-headed ogre (D:13)
  A deep troll shaman (Lair:6)
  7 death yaks (Lair:6)
  A tengu warrior (D:14)
  The ghost of Cuagunuost the Protected, a novice GnWn (D:9)
  Sonja (Lair:5)
  Nergalle (Lair:3)
  4 skeletal warriors
  A wizard (D:14)
  Pikel (D:9)
  2 orc knights
  5 ugly things
  2 spectral centaurs (D:11)
  3 cyclopes (D:13)
  2 manticores (D:14)
  30 elephants
  8 black mambas
  14 cane toads
  2 gargoyles (D:12)
  An unseen horror (D:10)
  5 torpor snails
  2 kobold demonologists (D:9)
  9 komodo dragons
  3 meliai (D:14)
  2 tengu conjurers (D:13)
  A troll (D:9)
  2 hornets
  3 polar bears
  4 slime creatures (D:12)
  A queen bee (Lair:2)
  Prince Ribbit (D:7)
  A snapping turtle (Lair:4)
  19 blink frogs
  2 shadows
  A vampire (D:12)
  2 water elementals (D:13)
  A centaur simulacrum (D:14)
  16 humans
  64 yaks
  6 wyverns
  A wraith (D:14)
  2 steam dragons
  4 basilisks
  2 acid dragons
  21 water moccasins
  3 sky beasts
  8 ogres
  5 orc warriors
  4 black bears
  3 ice beasts
  3 necrophages
  26 wolves
  7 centaurs
  4 lemures
  5 kobold brigands
  15 bullfrogs
  3 scorpions
  A water moccasin skeleton (D:4)
  23 killer bees
  3 wights (D:8)
  6 electric eels
  4 howler monkeys
  4 vampire bats (D:14)
  6 centaur zombies
  2 jellies
  2 centaur skeletons
  7 hounds
  3 orc priests (D:10)
  3 bullfrog skeletons
  3 iguanas
  Natasha (thrice) (D:2)
  4 orc wizards
  A howler monkey zombie (D:6)
  Robin (D:2)
  11 gnolls (D:6)
  5 adders
  A shadow imp (D:8)
  An ufetubus (D:7)
  An adder skeleton (D:4)
  2 worms (D:4)
  5 dart slugs
  27 orcs
  9 endoplasms
  2 giant cockroaches
  22 goblins
  9 hobgoblins
  6 jackals
  4 quokkas
  13 ball pythons
  11 bats
  4 frilled lizards
  30 kobolds
  5 rats
  A bush (Lair:4)
614 creatures vanquished.

Vanquished Creatures (others)
  2 bushes
  43 fungi
  173 plants
218 creatures vanquished.

Grand Total: 832 creatures vanquished

Notes
Turn   | Place    | Note
-------+----------+-------------------------------------------
     0 | D:1      | Host24 the Kobold Hunter began the quest for the Orb.
     0 | D:1      | Reached XP level 1. HP: 12/12 MP: 1/1
   143 | D:1      | Reached skill level 5 in Crossbows
   387 | D:1      | Reached XP level 2. HP: 18/18 MP: 2/2
   744 | D:1      | Reached XP level 3. HP: 21/23 MP: 3/3
  1283 | D:2      | Noticed Natasha
  1293 | D:2      | Killed Natasha
  1294 | D:2      | Reached XP level 4. HP: 11/28 MP: 4/4
  1801 | D:2      | Reached skill level 6 in Crossbows
  1834 | D:2      | Noticed Natasha
  1842 | D:2      | Killed Natasha
  1843 | D:2      | Reached XP level 5. HP: 27/32 MP: 5/5
  2206 | D:2      | Noticed Robin
  2216 | D:2      | Killed Robin
  2483 | D:2      | Noticed Natasha
  2485 | D:2      | Killed Natasha
  2486 | D:2      | Reached skill level 7 in Crossbows
  3240 | D:3      | Reached XP level 6. HP: 37/37 MP: 6/6
  3519 | D:3      | Reached skill level 8 in Crossbows
  4140 | D:4      | Noticed an ogre
  4298 | D:4      | Found a staircase to the Ecumenical Temple.
  4307 | D:4      | Reached skill level 1 in Armour
  4316 | Temple   | Entered the Ecumenical Temple
  4629 | Temple   | Became a worshipper of Warmaster Okawaru
  4865 | D:4      | Noticed a necrophage
  4886 | D:4      | Killed a necrophage
  4887 | D:4      | Reached XP level 7. HP: 29/41 MP: 7/7
  5042 | D:4      | Reached skill level 9 in Crossbows
  5069 | D:4      | Reached * piety under Okawaru
  5310 | D:4      | Reached skill level 10 in Crossbows
  5426 | D:4      | Reached XP level 8. HP: 24/46 MP: 7/9
  5979 | D:4      | Reached skill level 5 in Dodging
  6082 | D:5      | Entered Level 5 of the Dungeon
  6093 | D:5      | Reached ** piety under Okawaru
  6350 | D:5      | Reached skill level 5 in Fighting
  6382 | D:5      | Reached XP level 9. HP: 54/54 MP: 10/10
  7117 | D:6      | Reached skill level 5 in Invocations
  7244 | D:6      | Reached *** piety under Okawaru
  7952 | D:6      | Reached skill level 5 in Stealth
  8817 | D:7      | Noticed Prince Ribbit
  8838 | D:7      | Found a glowing golden altar of the Shining One.
  9153 | D:7      | Reached XP level 10. HP: 59/59 MP: 14/14
  9358 | D:7      | Reached skill level 11 in Crossbows
  9772 | D:8      | Received a gift from Okawaru
  9902 | D:8      | Reached skill level 12 in Crossbows
 10853 | D:8      | Reached skill level 13 in Crossbows
 10953 | D:8      | Noticed Harold
 11205 | D:9      | Noticed a kobold demonologist
 11669 | D:9      | Noticed Pikel
 11774 | D:9      | Noticed an ice devil
 11784 | D:9      | Noticed a kobold demonologist
 11785 | D:9      | Noticed an orange demon
 11794 | D:9      | Killed a kobold demonologist
 11794 | D:9      | Reached **** piety under Okawaru
 11800 | D:9      | Killed a kobold demonologist
 11940 | D:9      | Found a runed translucent door.
 11941 | D:9      | Noticed Cuagunuost's ghost (novice GnWn)
 12221 | D:9      | Reached XP level 11. HP: 64/67 MP: 15/15
 14343 | D:8      | Killed Harold
 14343 | D:8      | Received a gift from Okawaru
 14419 | D:7      | Killed Prince Ribbit
 14500 | D:10     | Entered Level 10 of the Dungeon
 14599 | D:10     | Found a staircase to the Orcish Mines.
 14935 | D:10     | Reached skill level 14 in Crossbows
 15304 | D:10     | Noticed a two-headed ogre
 15759 | D:11     | Found a runed translucent gate.
 15760 | D:11     | Found a runed translucent gate.
 15761 | D:11     | Found a runed translucent gate.
 15926 | D:11     | Noticed an elephant
 15945 | D:11     | Killed an elephant
 15956 | D:11     | Found a staircase to the Lair.
 16049 | D:11     | Noticed a five-headed hydra
 16327 | D:11     | Received a gift from Okawaru
 16328 | D:11     | Reached skill level 10 in Dodging
 16723 | D:12     | Found a portal to a secret trove of treasure.
 17002 | D:12     | Reached XP level 12. HP: 54/72 MP: 14/16
 17107 | D:12     | Gained mutation: You have a pair of small horns on your
                  | head. [potion of mutation]
 17107 | D:12     | Gained mutation: Your system is resistant to poisons.
                  | (rPois) [potion of mutation]
 17337 | D:12     | Reached ***** piety under Okawaru
 17405 | D:12     | Noticed a boulder beetle
 17499 | D:12     | Received a gift from Okawaru
 17500 | D:12     | Reached skill level 15 in Crossbows
 18036 | D:12     | Killed a boulder beetle
 18036 | D:12     | Received a gift from Okawaru
 18037 | D:12     | Reached skill level 5 in Armour
 18541 | Lair:1   | Entered Level 1 of the Lair of Beasts
 18925 | Lair:1   | Received a gift from Okawaru
 19213 | Lair:1   | Reached skill level 16 in Crossbows
 19690 | Lair:1   | Received a gift from Okawaru
 20533 | Lair:1   | Reached skill level 17 in Crossbows
 20593 | Lair:1   | Received a gift from Okawaru
 21187 | Lair:2   | Received a gift from Okawaru
 21496 | Lair:2   | Reached XP level 13. HP: 49/76 MP: 17/17
 21669 | Lair:2   | Reached skill level 18 in Crossbows
 21719 | Lair:2   | Found a snail-covered altar of Cheibriados.
 22199 | Lair:2   | Noticed a catoblepas
 22611 | Lair:2   | Noticed a six-headed hydra
 22812 | Lair:2   | Reached skill level 1 in Evocations
 23104 | Lair:2   | Killed a six-headed hydra
 23725 | Lair:2   | Received a gift from Okawaru
 24253 | Lair:3   | Received a gift from Okawaru
 24326 | Lair:3   | Noticed Nergalle
 24661 | Lair:3   | Killed Nergalle
 24995 | Lair:3   | Received a gift from Okawaru
 24996 | Lair:3   | Reached skill level 5 in Evocations
 25528 | Lair:4   | Noticed a four-headed hydra
 25536 | Lair:4   | Killed a four-headed hydra
 25753 | Lair:4   | Found a staircase to the Snake Pit.
 25800 | Lair:4   | Received a gift from Okawaru
 25807 | Lair:4   | Reached skill level 1 in Spellcasting
 25811 | Lair:4   | Reached ****** piety under Okawaru
 26150 | Lair:4   | HP: 4/80 [bullfrog (7)]
 26475 | Lair:4   | Received a gift from Okawaru
 27121 | Lair:4   | Reached XP level 14. HP: 66/86 MP: 20/20
 27720 | Lair:4   | Found a staircase to the Shoals.
 28479 | Lair:4   | Reached skill level 19 in Crossbows
 29014 | Lair:5   | Received a gift from Okawaru
 29729 | Lair:5   | Received a gift from Okawaru
 29947 | Lair:5   | Reached skill level 20 in Crossbows
 31349 | Lair:5   | Noticed Sonja
 31351 | Lair:5   | Killed Sonja
 31665 | Lair:6   | Entered Level 6 of the Lair of Beasts
 31691 | Lair:6   | Reached skill level 21 in Crossbows
 32000 | Lair:5   | Received a gift from Okawaru
 32275 | Lair:6   | Received a gift from Okawaru
 33128 | Lair:6   | Reached XP level 15. HP: 86/90 MP: 19/21
 33266 | Lair:6   | Received a gift from Okawaru
 33542 | Lair:6   | Identified the +9 quarterstaff of the Fray {freeze, Dex+4}
 33732 | Lair:6   | Found a staircase to the Slime Pits.
 33926 | Lair:6   | Received a gift from Okawaru
 33932 | Lair:6   | Reached skill level 22 in Crossbows
 35512 | D:11     | Noticed Pupilyir's ghost (journeyman MiBe)
 36021 | D:11     | Identified the +5 arbalest "Impbane" {vorpal, rElec rC+++
                  | Int+2 Stlth-} (Okawaru gifted it to you on level 11 of the
                  | Dungeon)
 36021 | D:11     | Received a gift from Okawaru
 36044 | D:11     | Killed Pupilyir's ghost
 36196 | D:11     | Reached skill level 23 in Crossbows
 36265 | D:9      | Killed Cuagunuost's ghost
 36359 | D:9      | Killed Pikel
 36531 | D:13     | Noticed Rupert
 36531 | D:13     | Found a gate to the Vaults.
 37528 | D:13     | Received a gift from Okawaru
 38035 | D:13     | Killed Rupert
 38036 | D:13     | Reached skill level 24 in Crossbows
 38301 | D:13     | Reached XP level 16. HP: 96/96 MP: 22/22
 39847 | D:14     | Noticed Nessos
 39851 | D:14     | Killed Nessos
 40227 | D:13     | Received a gift from Okawaru
 40239 | D:13     | Slain by a red ugly thing

Illustrated notes

Levels and vault maps discovered:
D:1:      saegor_arrival_under_anarchy, layout_rooms,
          minmay_misc_feat_more_columns
D:2:      cheibrodos_greedy_goblins, layout_basic, minmay_goblin_kobold_house,
          uniq_natasha, uniq_robin
D:3:      layout_loops_ring
D:4:      layout_loops_ring, minmay_temple_entry_mist, hex_medium,
          nzn_random_ring
D:5:      layout_basic
D:6:      layout_basic
D:7:      layout_gridville, nicolae_overflow_hidden_temple, uniq_prince_ribbit1
D:8:      layout_rooms, uniq_harold
D:9:      layout_roguey, hellmonk_ghost_happy_afterlife, uniq_pikel
D:10:     layout_roguey, erik_orc_3
D:11:     layout_irregular_city, david_lair_generic, gammafunk_ghost_necromancy
D:12:     layout_basic, nicolae_trove_entry_diagonal, minmay_unpleasant_kobolds
D:13:     layout_basic, david_vaults_3, feat_on_display
D:14:     layout_cave_pools, roderic_batcave, tgw_fedhas, uniq_nessos,
          uniq_frances
Temple:   kilobyte_greek_temple
Lair:1:   layout_cave_pods, beast_lair_carwin_4, grunt_megastairs_5
Lair:2:   layout_roguey, special_room [special_room_bee], st_stairs_13,
          kennysheep_snail_temple, grunt_megastairs_4
Lair:3:   layout_long_grid, small_statue_intersection, uniq_nergalle
Lair:4:   layout_layer_cave, minmay_shoals_entry_hut,
          minmay_snake_entry_six_corridors, serial_forest,
          infiniplex_forest_straight_2, infiniplex_forest_straight_3,
          infiniplex_forest_corner_1, infiniplex_forest_lined_3,
          infiniplex_forest_split, infiniplex_forest_pool,
          infiniplex_forest_lined_room_2, infiniplex_forest_lined_ring
Lair:5:   layout_hall_layers, grunt_megastairs_1, infiniplex_staircase_pool_2,
          uniq_sonja
Lair:6:   grunt_lair_end_beastmaster, layout_gridlike, dpeg_slime_entry_corner,
          minivault_23, serial_bayou_shore_b

Skill      XL: |  1  2  3  4  5  6  7  8  9 10 11 12 13 14 15 |
---------------+----------------------------------------------+-----
Crossbows      | 5 6 7 8 10 13 14 17 18 21 24 | 24.8
Fighting       | 3 5 7 9 |  9.0
Dodging        | 3 6 10 | 10.0
Stealth        | 2 6 8 9 |  9.1
Armour         | 1 2 4 5 6 |  6.3
Invocations    | 2 6 8 |  8.2
Evocations     | 5 6 |  6.3
Spellcasting   | 2 |  2.0

Action                   |  1- 3 |  4- 6 |  7- 9 | 10-12 | 13-15 | 16-18 || total
-------------------------+-------+-------+-------+-------+-------+-------++-------
Melee: Short sword       |    61 |    57 |       |       |       |       ||   118
       Punch             |     2 |     1 |     3 |    16 |    20 |       ||    42
       Dagger            |       |   131 |   186 |   641 |   908 |       ||  1866
       Flail             |       |       |    28 |    76 |       |       ||   104
       Headbutt          |       |       |       |    88 |   330 |    28 ||   446
       Quarterstaff      |       |       |       |       |   102 |    95 ||   197
 Fire: Hand crossbow     |    18 |    40 |   106 |   464 |    52 |       ||   680
       Arbalest          |       |       |       |    32 |   484 |    52 ||   568
       Triple crossbow   |       |       |       |       |     1 |       ||     1
Throw: Boomerang         |       |       |       |     5 |     6 |       ||    11
Invok: Heroism           |       |       |       |    20 |    11 |     2 ||    33
       Finesse           |       |       |       |     1 |     1 |     1 ||     3
  Use: Scroll            |       |       |    10 |    10 |     7 |       ||    27
       Potion            |       |       |       |    10 |     5 |     1 ||    16
 Stab: Sleeping          |     8 |    16 |    11 |    12 |    21 |     5 ||    73
       Distracted        |       |     1 |       |     3 |     1 |       ||     5
Armor: Leather armour    |     9 |    53 |    84 |    36 |       |       ||   182
       Troll leather arm |       |       |       |   132 |       |       ||   132
       Acid dragon scale |       |       |       |   100 |   332 |    39 ||   471
Dodge: Dodged            |    47 |   174 |   222 |  1021 |  1235 |   121 ||  2820
Block: Other             |       |       |       |   231 |   344 |    27 ||   602
       Reflection        |       |       |       |     6 |     1 |       ||     7
